 Dungeon Crawl Stone Soup version 0.25-a0-87-ga3d287bc14 (webtiles) character file.

Game seed: 2626128549359654813, levelgen mode: deterministic

592 Gargoyl the Chopper (level 7, -12/58 HPs)
             Began as a Centaur Abyssal Knight on Nov 10, 2019.
             Was a Priest of Lugonu.
             Mangled by an ogre
             ... wielding a +0 giant spiked club
              (17 damage)
             ... on level 5 of the Dungeon.
             The game lasted 00:07:17 (4072 turns).

Gargoyl the Chopper (Centaur Abyssal Knight)        Turns: 4072, Time: 00:07:17

Health: -12/58     AC: 10    Str: 15    XL:     7   Next: 16%
Magic:  9/9        EV:  6    Int: 11    God:    Lugonu [***...]
Gold:   131        SH:  7    Dex: 10    Spells: 6/6 levels left

rFire    + . .     SeeInvis .   a - +3 hand axe
rCold    . . .     Gourm    .   p - +0 shield
rNeg     . . .     Faith    .   h - +0 ring mail (curse)
rPois    .         Spirit   .   e - +2 helmet
rElec    .         Reflect  .   (no cloak)
rCorr    +         Harm     .   g - +0 pair of gloves
MR       .....                  (no barding)
Stlth    ..........             d - amulet of regeneration
HPRegen  0.59/turn              f - ring of resist corrosion
MPRegen  0.11/turn              k - ring of protection from fire

@: flying, very quick
A: large, hooves 3, deformed body, speed 2, tough skin 3
a: Depart the Abyss, Bend Space, Banish, Renounce Religion


You were on level 5 of the Dungeon.
You worshipped Lugonu.
Lugonu was most pleased with you.
You were not hungry.

You visited 1 branch of the dungeon, and saw 5 of its levels.
You visited the Abyss 1 time.

You collected 131 gold pieces.

Inventory:

Hand Weapons
 a - a +3 hand axe (weapon)
Missiles
 o - 8 boomerangs (quivered)
Armour
 e - a +2 helmet (worn)
 g - a +0 pair of gloves (worn)
 h - a cursed +0 ring mail (worn)
 p - a +0 shield (worn)
Jewellery
 d - an amulet of regeneration (around neck)
 f - a ring of resist corrosion (left hand)
 k - a ring of protection from fire (right hand)
Wands
 j - a wand of random effects (11)
Scrolls
 q - a scroll of teleportation
 r - 2 scrolls of identify
Potions
 b - a potion of might {unknown}
 i - a potion of flight
 l - 2 potions of magic
 n - 2 potions of agility {unknown}
 s - 2 potions of heal wounds {unknown}
 u - a potion of mutation {unknown}
 v - a potion of degeneration {unknown}
Comestibles
 c - 9 rations
 t - a chunk of flesh


   Skills:
 + Level 3.8 Fighting
 + Level 3.8 Axes
 + Level 1.1 Throwing
 * Level 3.2 Armour
 * Level 2.5 Dodging
 + Level 0.5 Shields
 * Level 3.4 Invocations
 + Level 0.4 Evocations


You had 6 spell levels left.
You didn't know any spells.
Your spell library was empty.

Dungeon Overview and Level Annotations

Branches:
Dungeon (5/15)
 Temple: D:4-7

Altars:
Dithmenos
Nemelex Xobeh
Qazlal
Vehumet


Innate Abilities, Weirdness & Mutations

You have hooves in place of feet.
Armour fits poorly on your strangely shaped body.
You cover ground very quickly.
You have extremely tough skin. (AC +3)


Message History

You see here a hand axe.
The ogre hits you with a +0 giant spiked club!
* * * LOW HITPOINT WARNING * * *
There is an open door here.
Press: ? - help, Shift-Dir - straight line, f/p - ogre
Aim: an ogre, wielding a +0 giant spiked club (lightly wounded, fast, chance to defeat MR: 82%)
You fail to use your ability.
The ogre hits you with a +0 giant spiked club!
* * * LOW HITPOINT WARNING * * *
You feel better. The ogre hits you but does no damage.
Press: ? - help, Shift-Dir - straight line, f/p - ogre
Aim: an ogre, wielding a +0 giant spiked club (lightly wounded, fast, chance to defeat MR: 82%)
You fail to use your ability.
The ogre hits you with a +0 giant spiked club!
* * * LOW HITPOINT WARNING * * *
It was a potion of flight.
You feel very buoyant.
You fly up into the air.
The ogre hits you with a +0 giant spiked club!
You die...

.. ##.######## #.# #. . ... #.#
#.# #. ..# #.# #.# #. #.# ##+##
#.# #. #.# ##...## #.# #. ###.#
##.....## ##.# ## #.#.#
##.......## ##..## #
....###.........####....#########
......'.........@O.........).....
...####....[....####....#########
#..# ##.......## ##.#.# ##.#
##.....## #####.# #.# ##...##
#.....# #.# ##+## #.##### ##.#
#.# #.# ...# ### #.## #.#
######.####..## #.#


You could see an ogre.

Vanquished Creatures
  2 ogres (D:4)
  2 scorpions
  A bullfrog zombie (D:2)
  A hound (D:5)
  A bullfrog skeleton (D:5)
  Jessica (D:2)
  An iguana (D:5)
  An orc wizard (D:3)
  A howler monkey skeleton (D:4)
  2 adders (D:3)
  A shadow imp (D:3)
  4 oozes
  An adder skeleton (D:3)
  3 worms
  3 leopard geckos
  12 orcs (D:3)
  A ball python (D:2)
  5 bats
  8 giant cockroaches
  5 hobgoblins
  7 jackals
  A quokka (D:5)
  7 frilled lizards
  A giant cockroach zombie (D:4)
  5 goblins
  8 kobolds
  A leopard gecko skeleton (D:5)
  A quokka skeleton (D:5)
  8 rats
95 creatures vanquished.

Notes
Turn   | Place    | Note
-------+----------+-------------------------------------------
     0 | Abyss:1  | Gargoyl the Centaur Abyssal Knight began the quest for the
                  | Orb.
     0 | Abyss:1  | Reached XP level 1. HP: 19/19 MP: 2/2
    57 | Abyss:2  | Noticed a sixfirhy
    63 | D:1      | Escaped the Abyss
   592 | D:1      | Reached * piety under Lugonu
   598 | D:1      | Reached XP level 2. HP: 5/26 MP: 3/3
   988 | D:1      | Reached skill level 1 in Dodging
  1023 | D:1      | Reached XP level 3. HP: 31/31 MP: 4/4
  1626 | D:2      | Reached ** piety under Lugonu
  1696 | D:2      | Reached XP level 4. HP: 29/38 MP: 5/5
  1731 | D:2      | Noticed Jessica
  1735 | D:2      | Killed Jessica
  1999 | D:2      | Reached XP level 5. HP: 27/45 MP: 6/6
  2200 | D:2      | Found a sparkling altar of Nemelex Xobeh.
  2204 | D:2      | Found a stormy altar of Qazlal.
  2206 | D:2      | Found a radiant altar of Vehumet.
  3037 | D:3      | Reached XP level 6. HP: 51/51 MP: 8/8
  3391 | D:4      | Found a shadowy altar of Dithmenos.
  3406 | D:4      | Reached skill level 1 in Throwing
  3584 | D:4      | Reached *** piety under Lugonu
  3815 | D:5      | Entered Level 5 of the Dungeon
  3896 | D:5      | Reached XP level 7. HP: 45/58 MP: 9/9
  4072 | D:5      | Mangled by an ogre

Levels and vault maps discovered:
D:1:      ncdulo_watergridlock, layout_basic, minmay_crystal_room
D:2:      layout_loops_ring, grunt_temple_overflow_open, first_ration,
          uniq_jessica
D:3:      layout_loops_ring
D:4:      layout_cave_pools, nicolae_dithmenos_shadow_blocks, minmay_vboxes
D:5:      layout_loops_corners, hangedman_abyss_or_decor_slice

Skill      XL: |  1  2  3  4  5  6 |
---------------+-------------------+-----
Axes           | 2 3 |  3.8
Dodging        | 1 2 |  2.5
Armour         | 2 3 |  3.2
Invocations    | 3 |  3.4
Throwing       | 1 |  1.1
Fighting       | |  3.8
Shields        | |  0.5
Evocations     | |  0.4

Action                   |  1- 3 |  4- 6 |  7- 9 || total
-------------------------+-------+-------+-------++-------
Melee: Hand axe          |    82 |   170 |    14 ||   266
       Kick              |     9 |    31 |     2 ||    42
Throw: Boomerang         |       |    15 |       ||    15
Invok: Depart the Abyss  |     1 |       |       ||     1
Evoke: Wand              |       |     3 |     1 ||     4
  Use: Scroll            |     3 |     8 |       ||    11
       Potion            |       |       |     2 ||     2
  Eat: Chunk             |     1 |     6 |     1 ||     8
Armor: Leather armour    |    12 |       |       ||    12
       Ring mail         |    38 |    59 |     6 ||   103
Dodge: Dodged            |    49 |    69 |     4 ||   122
Block: Shield            |       |    30 |     8 ||    38

Table legend:
 A = Non-vault XP
 B = Vault XP
 C = Vault XP percentage of total XP
 D = Non-vault monster count
 E = Vault monster count
 F = Vault count percentage of total count
                 A         B        C        D         E       F
            +---------+---------+-------+---------+---------+-------
      Total |     807 |      39 |   4.6 |      93 |       2 |   2.1
            +---------+---------+-------+---------+---------+-------
        D:1 |      52 |       0 |   0.0 |      28 |       0 |   0.0
        D:2 |     146 |      37 |  20.2 |      16 |       1 |   5.9
        D:3 |     150 |       0 |   0.0 |      34 |       0 |   0.0
        D:4 |     333 |       2 |   0.6 |       8 |       1 |  11.1
        D:5 |     126 |       0 |   0.0 |       7 |       0 |   0.0
            +---------+---------+-------+---------+---------+-------
